 Dungeon Crawl Stone Soup version 0.20-a0-983-g35de22d (webtiles) character file.

43 AlphabetPasta the Cutter (level 3, -6/24 HPs)
             Began as a Kobold Chaos Knight on Apr 9, 2017.
             Mangled by Terence
             ... wielding a +1 mace of venom
              (7 damage)
             ... on level 2 of the Dungeon.
             The game lasted 00:04:05 (1165 turns).

AlphabetPasta the Cutter (Kobold Chaos Knight)      Turns: 1165, Time: 00:04:05

Health: -6/24      AC:  5    Str:  9    XL:     3   Next: 82%
Magic:  3/3        EV: 15    Int: 13    God:    Xom [*.....]
Gold:   86         SH:  0    Dex: 15    Spells: 2/2 levels left

rFire    . . .     SeeInvis .   a - +0 short sword (chaos)
rCold    . . .     Gourm    .   (shield restricted)
rNeg     . . .     Faith    .   b - +2 leather armour
rPois    .         Spirit   .   (no helmet)
rElec    .         Reflect  .   (no cloak)
rCorr    .         Harm     .   (no gloves)
MR       .....                  (no boots)
Stlth    +.........             (no amulet)
Regen    0.1/turn               (no ring)
MPRegen  0.1/turn               (no ring)

@: lethally poisoned (-6 -> -18)
A: carnivore 3
a: Renounce Religion


You were on level 2 of the Dungeon.
You worshipped Xom.
You were a special plaything of Xom.
You were completely stuffed.

You visited 1 branch of the dungeon, and saw 2 of its levels.

You collected 86 gold pieces.

Inventory:

Hand Weapons
 a - a +0 short sword of chaos (weapon)
Armour
 b - a +2 leather armour (worn)
 g - a cursed +0 ring mail
Scrolls
 i - a scroll of remove curse
Comestibles
 c - a meat ration


   Skills:
 + Level 3.7 Fighting
 * Level 5.0 Short Blades
 + Level 1.1 Armour
 + Level 2.9 Dodging


You had 2 spell levels left.
You didn't know any spells.

Dungeon Overview and Level Annotations

Branches:
Dungeon (2/15)

Altars:

Annotations:
D:2 Terence


Innate Abilities, Weirdness & Mutations

You are small and have problems with some larger weapons.
You are carnivorous and can eat meat at any time.


Message History

You hit Terence.
Terence seems to slow down.
Terence is lightly wounded.
* * * LOW HITPOINT WARNING * * *
You feel sick.
Your leather armour prevents you from hitting Terence.
Terence is lightly wounded.
* * * LOW HITPOINT WARNING * * *
You feel sick.
Xom giggles.
Your skin glows momentarily.
Terence is no longer moving slowly.
You barely miss Terence.
Terence is lightly wounded.
* * * LOW HITPOINT WARNING * * *
You feel sick. Terence barely misses you.
You completely miss Terence.
Terence is lightly wounded.
* * * LOW HITPOINT WARNING * * *
You feel sick. Terence hits you with a mace of venom!
You die...
Xom roars with laughter!

#.....****,,,,,,,,..,.**#........
#.....,,,,,****,,,...####.#*#....
#.....****** ##,*.#......#######
*#....* #.,,...............
#....* #.#*.#####....###..
#....## ###.##.#*##..##.#...#
#....<# ####...#..#....###...###
#####.###.....#@....####>.))...#
##....)###..@.#######.####...
#####...#####....#####...........
.......................#######...
..####.######...######.# *####
*** #.# #....# #.# *#l... #.#
#..#.# #.# ##..### ** #.#
##....######.####..#* # .*
#.####....###.........ยง##### .#*
#..##.........###.######....


You could see Terence.

Vanquished Creatures
  A gnoll (D:1)
  A worm (D:2)
  2 dart slugs
  6 bats
  4 goblins (D:2)
  3 hobgoblins
  4 jackals (D:2)
  A frilled lizard (D:1)
  3 kobolds
  A rat (D:1)
26 creatures vanquished.

Vanquished Creatures (collateral kills)
  A rat (D:1)
1 creature vanquished.

Grand Total: 27 creatures vanquished

Notes
Turn   | Place    | Note
-------+----------+-------------------------------------------
     0 | D:1      | AlphabetPasta the Kobold Chaos Knight began the quest for the Orb.
     0 | D:1      | Reached XP level 1. HP: 14/14 MP: 1/1
   243 | D:1      | XOM: smoke on damage
   289 | D:1      | Reached XP level 2. HP: 16/19 MP: 2/2
   350 | D:1      | XOM: harmless Ice miscast
   525 | D:1      | Reached XP level 3. HP: 23/23 MP: 3/3
   870 | D:2      | Reached skill level 1 in Armour
   893 | D:2      | XOM: potion effect (curing)
   902 | D:2      | Reached skill level 5 in Short Blades
  1047 | D:2      | Noticed Terence
  1070 | D:2      | XOM: 9-stop teleportation journey
  1158 | D:2      | XOM: torment (12/24 hp)
  1163 | D:2      | XOM: harmless Hex miscast
  1165 | D:2      | HP: 1/24 [poisoned by Terence]
  1165 | D:2      | Mangled by Terence

Vault maps used:
D:1:      dpeg_arrival_shelter
D:2:      uniq_terence, uniq_natasha

Skill      XL: |  1  2  3 |
---------------+----------+-----
Armour         | 1 |  1.1
Short Blades   | 5 |  5.0
Fighting       | |  3.7
Dodging        | |  2.9

Action                   || total
-------------------------++-------
Melee: Short sword       ||    97
  Use: Potion            ||     4
       Scroll            ||     4
 Stab: Petrifying        ||     1
       Sleeping          ||     1
       Petrified         ||     1
       Paralysed         ||     2
  Eat: Chunk             ||     9
Armor: Leather armour    ||    15
Dodge: Dodged            ||    47
